 Dungeon Crawl Stone Soup version 0.31-a0-44-g49d609d0da (webtiles) character file.

Game seed: 17805157460129574941

2221 pokeman the Thaumaturge (level 9, -1/43 (48) HPs)
             Began as a Deep Elf Hedge Wizard on May 20, 2023.
             Was an Initiate of Vehumet.
             Slain by a wight
             ... wielding a +3 great sword
              (4 damage)
             ... on level 7 of the Dungeon.
             The game lasted 00:17:22 (8650 turns).

pokeman the Thaumaturge (Deep Elf Hedge Wizard)     Turns: 8650, Time: 00:17:23

HP:   -1/43 (48)    AC:  5    Str:  7    XL:     9   Next: 13%
MP:   21/34         EV: 13    Int: 24    God:    Vehumet [......]
Gold: 394           SH:  0    Dex: 14    Spells: 21/29 levels left

rFire   . . .        I - +2 whip (venom)
rCold   . . .        (no shield)
rNeg    . . .        b - +0 robe
rPois   .            G - +1 helmet
rElec   .            (no cloak)
rCorr   .            (no gloves)
SInv    .            E - +0 pair of boots
Will    .....        (no amulet)
Stlth   ++           K - ring of magical power
HPRegen 0.27/turn    (no ring)
MPRegen 0.24/turn

%: no passive effects
@: heavily drained
A: no striking features
a: Renounce Religion


You were on level 7 of the Dungeon.
You worshipped Vehumet.
Vehumet was noncommittal.
You visited 2 branches of the dungeon, and saw 8 of its levels.

You collected 394 gold pieces.

Inventory:

Hand Weapons
 l - the +3 spear "Ingytaepp" {heavy, rF+ rC+ Int+3}
   (You found it on level 2 of the Dungeon)

   Int:       It affects your intelligence (+3).
   rF:        It protects you from fire.
   rC:        It protects you from cold.
 F - the +3 quarterstaff of Doom {holy, rC+}
   (You found it on level 5 of the Dungeon)

   rC:        It protects you from cold.
 I - a +2 whip of venom (weapon)
Missiles
 n - 12 poisoned darts (quivered)
 C - 2 throwing nets
Armour
 b - a +0 robe (worn)
 r - a +0 buckler
 E - a +0 pair of boots (worn)
 G - a +1 helmet (worn)
Magical Staves
 A - a staff of earth
Jewellery
 K - a ring of magical power (left hand)
Wands
 q - a wand of paralysis (14)
 s - a wand of flame (24)
 y - a wand of roots (31)
 z - a wand of polymorph (12)
 H - a wand of digging (5)
Scrolls
 a - 4 scrolls of teleportation {unknown}
 e - a scroll of immolation {unknown}
 h - 4 scrolls of noise {unknown}
 i - a scroll of blinking {unknown}
 k - 12 scrolls of identify {unknown}
 m - 4 scrolls of magic mapping {unknown}
 p - a scroll of fear {unknown}
 t - a scroll of amnesia {unknown}
 u - 2 scrolls of enchant weapon {unknown}
 J - a scroll of poison {unknown}
Potions
 c - a potion of lignification {unknown}
 d - 3 potions of magic
 f - 3 potions of might {unknown}
 g - 6 potions of brilliance {unknown}
 j - 4 potions of curing {unknown}
 o - 2 potions of haste {unknown}
 v - a potion of berserk rage {unknown}
 w - 2 potions of attraction {unknown}
 x - 3 potions of heal wounds
 B - a potion of mutation {unknown}
 D - a potion of flight {unknown}


   Skills:
 - Level 2.1 Fighting
 - Level 2.0 Armour
 - Level 3.2 Dodging
 - Level 3.0 Stealth
 + Level 2.5 Shields
 * Level 10.9 Spellcasting
 + Level 5.9 Conjurations
 - Level 1.1 Summonings
 - Level 1.1 Translocations
 - Level 1.0 Air Magic
 + Level 4.6 Earth Magic
 - Level 1.1 Poison Magic
 - Level 1.2 Evocations


You had 21 spell levels left.
You knew the following spells:

 Your Spells              Type           Power      Damage    Failure   Level
a - Magic Dart            Conj           100%       1d8       1%          1
b - Mephitic Cloud        Conj/Pois/Air  26%        N/A       4%          3
c - Call Imp              Summ           36%        N/A       4%          2
d - Blink                 Tloc           36%        N/A       4%          2

Your spell library contained the following spells:

 Spells                   Type           Power      Damage    Failure   Level
 Momentum Strike          Conj/Tloc      60%        3d9       1%          2
 Freeze                   Ice            52%        1d6       4%          1
 Slow                     Hex            52%        N/A       4%          1
 Lesser Beckoning         Tloc           36%        N/A       4%          2
 Hailstorm                Conj/Ice       27%        3d7       4%          3
 Cigotuvi's Dreadful Rot  Necr/Pois/Air  32%        N/A       5%          2
 Frozen Ramparts          Ice            26%        1d4       14%         3


Dungeon Overview and Level Annotations

Branches:
Dungeon (7/15)             Temple (1/1) D:7

Altars:
Ashenzari
Elyvilon
Fedhas
Gozag
Hepliaklqana
Makhleb
Nemelex Xobeh
Okawaru
Qazlal
Ru
Trog
Vehumet
Wu Jian
Xom
Yredelemnul
Zin
The Shining One
Lugonu

Shops:
D:5 [   D:6 :


Message History

Your cerulean imp hits the wight but does no damage.
Casting: Magic Dart (safe; 1% risk of failure)
Confirm with . or Enter, or press ? or * to list all spells.
Aiming: Magic Dart (safe; 1% risk of failure)
Press: ? - help, Shift-Dir - straight line, f/p - wight
Aim: a wight, wielding a +3 great sword and wearing a +0 robe (heavily damaged, ally target, 100% to hit)
The magic dart hits the wight.
The wight is severely damaged.
The wight hits you with a +3 great sword!
You feel drained.
Your cerulean imp hits the wight but does no damage.
Casting: Magic Dart (safe; 1% risk of failure)
Confirm with . or Enter, or press ? or * to list all spells.
Aiming: Magic Dart (safe; 1% risk of failure)
Press: ? - help, Shift-Dir - straight line, f/p - wight
Aim: a wight, wielding a +3 great sword and wearing a +0 robe (severely damaged, not watching you, ally target, 100% to hit)
The magic dart hits the wight but does no damage.
The wight is severely damaged.
The wight misses you.
Your cerulean imp completely misses the wight.
Casting: Magic Dart (safe; 1% risk of failure)
Confirm with . or Enter, or press ? or * to list all spells.
Aiming: Magic Dart (safe; 1% risk of failure)
Press: ? - help, Shift-Dir - straight line, f/p - wight
Aim: a wight, wielding a +3 great sword and wearing a +0 robe (severely damaged, ally target, 100% to hit)
The magic dart hits the wight but does no damage.
The wight is severely damaged.
The wight barely misses you.
Your cerulean imp barely misses the wight.
Casting: Magic Dart (safe; 1% risk of failure)
Confirm with . or Enter, or press ? or * to list all spells.
Aiming: Magic Dart (safe; 1% risk of failure)
Press: ? - help, Shift-Dir - straight line, f/p - wight
Aim: a wight, wielding a +3 great sword and wearing a +0 robe (severely damaged, ally target, 100% to hit)
The magic dart hits the wight but does no damage.
The wight is severely damaged.
The wight hits you with a +3 great sword!!
* * * LOW HITPOINT WARNING * * *
You feel drained.
You die...

#..###..>.....## #.# ###### ...#
#..P...#..# #.# ...... .#.#
#.....###.####.# ###### ...#
####### #.#....# ..########
#...#### ##### #####....######..#
###.... #.....##...#..## ..#.###
#.....##...#.z.## #(# #
####.....##...##@5.##### #.#. ##
.................#..)..####.#.##.
#####....##...########...##.#....
#######...# ###.##.###.# #####
#.z......# ####.#.... #>#.###
###...# ###.#


You could see a wight (ally target) and a friendly cerulean imp (summoned).

Vanquished Creatures
  2 sky beasts
  3 black bears
  3 ogres (D:5)
  A phantom (D:6)
  A centaur (D:6)
  3 scorpions
  4 wights
  An electric eel (D:6)
  2 jellies
  2 howler monkeys (D:7)
  An orc priest (D:4)
  7 hounds
  5 iguanas
  A sleepcap (D:6)
  Natasha (thrice) (D:3)
  An orc wizard (D:5)
  11 gnolls
  4 adders
  A shadow imp (D:6)
  A white imp (D:7)
  2 ufetubi (D:7)
  2 worms
  4 dart slugs
  20 orcs
  2 bats
  7 endoplasms
  3 giant cockroaches
  11 goblins
  11 hobgoblins
  11 jackals
  A quokka (D:5)
  6 ball pythons
  A frilled lizard (D:2)
  7 kobolds
  3 rats
148 creatures vanquished.

Notes
Turn   | Place    | Note
-------+----------+-------------------------------------------
     0 | D:1      | pokeman the Deep Elf Hedge Wizard began the quest for the
                  | Orb.
     0 | D:1      | Reached XP level 1. HP: 10/10 MP: 7/7
   449 | D:1      | Reached XP level 2. HP: 16/16 MP: 2/9
  1389 | D:2      | Identified the +3 spear "Ingytaepp" {heavy, rF+ rC+ Int+3}
  1439 | D:2      | Reached skill level 5 in Spellcasting
  1573 | D:2      | Reached XP level 3. HP: 20/20 MP: 8/11
  1577 | D:2      | Learned a level 3 spell: Mephitic Cloud
  1580 | D:2      | Learned a level 2 spell: Call Imp
  1583 | D:2      | Learned a level 2 spell: Blink
  2295 | D:3      | Reached skill level 1 in Fighting
  2295 | D:3      | Reached skill level 1 in Armour
  2338 | D:3      | Found a basalt altar of Yredelemnul.
  2414 | D:3      | Found a sparkling altar of Nemelex Xobeh.
  2592 | D:3      | Noticed Natasha
  2598 | D:3      | Killed Natasha
  2599 | D:3      | Reached XP level 4. HP: 25/25 MP: 8/13
  2858 | D:3      | Noticed Natasha
  2864 | D:3      | Killed Natasha
  3202 | D:3      | Noticed Natasha
  3212 | D:3      | Killed Natasha
  3213 | D:3      | Reached skill level 6 in Spellcasting
  3213 | D:3      | Reached XP level 5. HP: 29/29 MP: 5/15
  3306 | D:4      | Noticed a black bear
  3314 | D:4      | Reached skill level 1 in Shields
  3419 | D:4      | Found a blossoming altar of Fedhas.
  3805 | D:4      | Killed a black bear
  3806 | D:4      | Reached skill level 1 in Evocations
  3806 | D:4      | Reached XP level 6. HP: 11/34 MP: 6/17
  3835 | D:4      | Reached skill level 7 in Spellcasting
  4005 | D:4      | Reached skill level 1 in Poison Magic
  4143 | D:4      | Reached skill level 1 in Air Magic
  4220 | D:4      | Reached XP level 7. HP: 28/38 MP: 11/20
  4297 | D:4      | Reached skill level 1 in Earth Magic
  4583 | D:4      | Found a glowing golden altar of the Shining One.
  4602 | D:4      | Found an opulent altar of Gozag.
  4651 | D:5      | Entered Level 5 of the Dungeon
  4713 | D:5      | Identified the +3 quarterstaff of Doom {holy, rC+}
  4829 | D:5      | Reached skill level 8 in Spellcasting
  5283 | D:5      | Reached XP level 8. HP: 44/44 MP: 10/22
  5354 | D:5      | Found Vimivourr's Armour Emporium.
  5609 | D:5      | Reached skill level 9 in Spellcasting
  5650 | D:5      | Found a hazy altar of Hepliaklqana.
  5837 | D:5      | Found a broken altar of Ashenzari.
  6122 | D:5      | Found a white marble altar of Elyvilon.
  6266 | D:6      | Found a bloodstained altar of Trog.
  6464 | D:6      | Reached skill level 5 in Conjurations
  6642 | D:6      | Found Dotoqydgh's Book Shop.
  6860 | D:6      | Reached skill level 10 in Spellcasting
  8036 | D:7      | Reached XP level 9. HP: 48/48 MP: 17/25
  8442 | D:7      | Found a staircase to the Ecumenical Temple.
  8454 | Temple   | Entered the Ecumenical Temple
  8469 | Temple   | Became a worshipper of Vehumet
  8540 | D:7      | Found a stormy altar of Qazlal.
  8650 | D:7      | Slain by a wight

Illustrated notes

Levels and vault maps discovered:
D:1:      ncdulo_smallfort, layout_loops_ring
D:2:      minmay_alternating_diamond, layout_basic
D:3:      layout_basic, yredelemnul_altar_generic,
          nemelex_xobeh_ov_fountains_minmay, uniq_natasha
D:4:      layout_basic, mainiacjoe_overflow_chevrons, fedhas_altar_2,
          mainiacjoe_overflow_alcove_2, dreamdust_gnoll_farm
D:5:      layout_loops_corners, nicolae_elyvilon_temple_path,
          mainiacjoe_overflow_big_doors, serial_shops,
          nicolae_shop_tiny_real_fake_doors, minmay_ogre_servants
D:6:      layout_cave_pods, trog_hazing_becter, serial_shops,
          nicolae_shop_hallway_plus, minmay_crystal_water
D:7:      layout_basic, general_overflow_altar, minmay_temple_entry_overgrown,
          minmay_misc_feat_diagonals, minmay_misc_feat_pillars
Temple:   corrupted_temple

Skill      XL: |  1  2  3  4  5  6  7  8 |
---------------+-------------------------+-----
Spellcasting   | 5 6 7 8 10 | 10.9
Fighting       | 1 2 |  2.1
Armour         | 1 2 |  2.0
Conjurations   | 2 3 4 5 |  5.9
Dodging        | 3 |  3.2
Shields        | 1 2 |  2.5
Stealth        | 3 |  3.0
Evocations     | 1 |  1.2
Poison Magic   | 1 |  1.1
Air Magic      | 1 |  1.0
Earth Magic    | 2 4 |  4.6
Summonings     | |  1.1
Translocations | |  1.1

Action                     |  1- 3 |  4- 6 |  7- 9 || total
---------------------------+-------+-------+-------++-------
  Melee: Dagger            |    16 |       |       ||    16
         Punch             |     1 |       |       ||     1
         Spear             |    11 |    24 |       ||    35
         Quarterstaff      |       |       |    57 ||    57
         Whip              |       |       |    33 ||    33
  Throw: Dart              |    10 |     7 |       ||    17
   Cast: Magic Dart        |   102 |    79 |   261 ||   442
         Mephitic Cloud    |     2 |    10 |    14 ||    26
         Call Imp          |       |     1 |     8 ||     9
         Blink             |       |       |     4 ||     4
  Evoke: Wand              |       |       |     1 ||     1
   Stab: Confused          |     2 |     3 |     4 ||     9
         Sleeping          |       |     1 |     1 ||     2
         Distracted        |       |       |     1 ||     1
 Armour: Robe              |    10 |     4 |    26 ||    40
  Dodge: Dodged            |    28 |    26 |    97 ||   151

Table legend: (Time is in decaauts)
 A = Elapsed time spent in this place.
 B = Non-inter-level travel time spent in this place.
 C = Inter-level travel time spent in this place.
 D = Time resting spent in this place.
 E = Time spent auto-exploring this place.
 F = Levels seen in this place.
 G = Mean time per level.
                   A        B        C        D        E       F      G
               +--------+--------+--------+--------+--------+-----+--------+
         Total |   8689 |   8433 |    256 |    343 |   6628 |   8 | 1086.1 |
       Dungeon |   8660 |   8416 |    244 |    343 |   6623 |   7 | 1237.1 |
        Temple |     28 |     16 |     12 |      0 |      5 |   1 |   28.0 |
               +--------+--------+--------+--------+--------+-----+--------+

Top non-repeatable levels by time:
     D:6: 1765 daAuts
     D:5: 1516 daAuts
     D:3: 1365 daAuts
     D:4: 1249 daAuts
     D:1: 1173 daAuts
     D:2: 881 daAuts
     D:7: 709 daAuts
  Temple: 28 daAuts
